 Dungeon Crawl Stone Soup version 0.28-a0-823-gb444dcf96d (webtiles) character file.

Game seed: 3179978504448861506

32 meatgazer the Skirmisher (level 3, 0/29 HPs)
             Began as a Demonspawn Abyssal Knight on Nov 9, 2021.
             Was a Follower of Lugonu.
             Succumbed to an adder's poison
             ... on level 2 of the Dungeon.
             The game lasted 00:02:05 (637 turns).

meatgazer the Skirmisher (Demonspawn Abyssal Knight) Turns: 637, Time: 00:02:06

Health: 0/29       AC:  3    Str: 16    XL:     3   Next: 10%
Magic:  5/5        EV: 11    Int: 11    God:    Lugonu [*.....]
Gold:   46         SH:  4    Dex: 13    Spells: 2/2 levels left

rFire   . . .      SeeInvis .   h - +8 trident "Orb Guardian's Death" {vorpal, *Slow rElec Str+2}
rCold   . . .      Faith    .   (no shield)
rNeg    . . .      Spirit   .   b - +0 leather armour
rPois   .          Reflect  .   (no helmet)
rElec   +          Harm     .   (no cloak)
rCorr   .          Rampage  .   (no gloves)
Will    .....                   (no boots)
Stlth   +.........              (no amulet)
HPRegen 0.09/turn               (no ring)
MPRegen 0.09/turn               (no ring)

@: lethally poisoned (0 -> -1), flying
A: large bone plates 1
a: Renounce Religion, Depart the Abyss


You were on level 2 of the Dungeon.
You worshipped Lugonu.
Lugonu was aware of your devotion.
You visited 1 branch of the dungeon, and saw 2 of its levels.
You visited the Abyss 1 time.

You collected 46 gold pieces.

Inventory:

Hand Weapons
 a - a +2 hand axe
 h - the +8 trident "Orb Guardian's Death" (weapon) {vorpal, *Slow rElec Str+2}
   (You found it on level 3 of the Abyss)

   It inflicts extra damage upon your enemies.
   Str:       It affects your strength (+2).
   rElec:     It insulates you from electricity.
   *Slow:     It may slow you when you take damage.
Armour
 b - a +0 leather armour (worn)
 g - a +0 buckler
Wands
 f - a wand of charming (2)
Scrolls
 c - a scroll of identify
Potions
 d - 2 potions of magic


   Skills:
 + Level 3.3 Fighting
 - Level 1.7(2.0) Axes
 + Level 1.1(1.6) Polearms
 - Level 1.7 Armour
 * Level 1.4 Dodging
 + Level 3.2 Invocations


You had 2 spell levels left.
You didn't know any spells.
Your spell library contained the following spells:

 Spells                   Type           Power      Damage    Failure   Level
 Magic Dart               Conj           0%         1d3       41%         1
 Call Imp                 Summ           0%         N/A       54%         2
 Mephitic Cloud           Conj/Pois/Air  0%         N/A       78%         3
 Iskenderun's Battlesphe  Conj           0%         2d6       100%        5
 Iron Shot                Conj/Erth      0%         9d1       100%        6
 Spellforged Servitor     Conj/Summ      0%         N/A       100%        7


Dungeon Overview and Level Annotations

Branches:
Dungeon (2/15)

Altars:


Innate Abilities, Weirdness & Mutations

You are partially covered in large bone plates. (SH +4)


Message History

It was a potion of flight.
You feel very buoyant.
You fly up into the air.
You feel sick. The adder closely misses you.
You closely miss the adder.
The adder is heavily wounded.
* * * LOW HITPOINT WARNING * * *
You feel very sick. You block the adder's attack. x2
You barely miss the adder.
The adder is heavily wounded.
* * * LOW HITPOINT WARNING * * *
You feel sick. The adder barely misses you.
You puncture the adder!
You kill the adder!
Lugonu accepts your kill.
* * * LOW HITPOINT WARNING * * *
You feel sick. The ball python barely misses you.
The ball python closely misses you.
Your Polearms skill increases to level 1!
You have reached level 3!
Your experience leads to an increase in your attributes!
Your base attributes are Str 13, Int 11, Dex 13.
Increase (S)trength, (I)ntelligence, or (D)exterity?
You feel stronger.
You closely miss the ball python.
* * * LOW HITPOINT WARNING * * *
You feel sick. The ball python barely misses you.
The ball python closely misses you.
You puncture the ball python!
You kill the ball python!
Lugonu accepts your kill.
* * * LOW HITPOINT WARNING * * *
You feel sick. The frilled lizard misses you.
You hit the frilled lizard.
You kill the frilled lizard!
Lugonu accepts your kill.
* * * LOW HITPOINT WARNING * * *
You feel sick.
Okay, then.
You die...

####.># #......
#.##..# #.##..#
#.##.†#### #
#.##.....# .#
#.###.##.##..#
###.###.#...†..#
#..#....#.@##.##
#.#.#####..# ≈≈
#.#####.#... .....
..≈
#....(..#######.###
≈≈≈ #######.# #. ≈≈
#.# #. ≈ #.# #> #.#
#..# #.# #.#


There were no monsters in sight!

Vanquished Creatures
  An adder (D:2)
  A worm (D:2)
  4 ball pythons
  An endoplasm (D:1)
  A giant cockroach (D:1)
  3 hobgoblins (D:1)
  A quokka (D:1)
  2 bats (D:1)
  A frilled lizard (D:2)
  A goblin (D:1)
  3 kobolds
  A rat (D:1)
20 creatures vanquished.

Notes
Turn   | Place    | Note
-------+----------+-------------------------------------------
     0 | Abyss:1  | meatgazer the Demonspawn Abyssal Knight began the quest for
                  | the Orb.
     0 | Abyss:1  | Reached XP level 1. HP: 18/18 MP: 2/2
    71 | Abyss:3  | Found a corrupted altar of Lugonu.
    98 | Abyss:3  | Identified the +8 trident "Orb Guardian's Death" {vorpal,
                  | *Slow rElec Str+2}
    98 | Abyss:3  | Noticed an ancient zyme
    98 | Abyss:3  | Noticed a ghoul
    98 | Abyss:3  | Noticed a ghoul
    98 | Abyss:3  | Noticed a large abomination
   101 | D:1      | Escaped the Abyss
   113 | D:1      | Reached * piety under Lugonu
   212 | D:1      | Gained mutation: You are partially covered in large bone
                  | plates. (SH +4) [demonic ancestry]
   212 | D:1      | Reached XP level 2. HP: 21/24 MP: 4/4
   303 | D:1      | Reached skill level 1 in Dodging
   634 | D:2      | Reached skill level 1 in Polearms
   634 | D:2      | Reached XP level 3. HP: 4/29 MP: 5/5
   636 | D:2      | HP: 1/29 [poisoned by an adder]
   637 | D:2      | Succumbed to an adder's poison

Illustrated notes

Levels and vault maps discovered:
D:1:      pf_arrival_petrified_forest, layout_rooms
D:2:      layout_loops_ring, chequers_ecumenical_altar_island,
          kennysheep_generic_room_2, uniq_crazy_yiuf_cottage

Skill      XL: |  1  2 |
---------------+-------+-----
Dodging        | 1 |  1.4
Invocations    | 3 |  3.2
Polearms       | 1 |  1.1
Fighting       | |  3.3
Axes           | |  1.7
Armour         | |  1.7

Action                   || total
-------------------------++-------
Melee: Trident           ||    48
Invok: Depart the Abyss  ||     1
  Use: Scroll            ||     4
       Potion            ||     1
Armor: Leather armour    ||     4
Dodge: Dodged            ||    16
Block: Other             ||    10

Table legend: (Time is in decaauts)
 A = Elapsed time spent in this place.
 B = Non-inter-level travel time spent in this place.
 C = Inter-level travel time spent in this place.
 D = Time resting spent in this place.
 E = Time spent auto-exploring this place.
 F = Levels seen in this place.
 G = Mean time per level.
                   A        B        C        D        E       F      G
               +--------+--------+--------+--------+--------+-----+--------+
         Total |    646 |    626 |     20 |      0 |    470 |   5 |  129.2 |
       Dungeon |    545 |    525 |     20 |      0 |    406 |   2 |  272.5 |
         Abyss |    100 |    100 |      0 |      0 |     64 |   3 |   33.3 |
               +--------+--------+--------+--------+--------+-----+--------+

Top non-repeatable levels by time:
     D:1: 413 daAuts
     D:2: 132 daAuts
 Abyss:1: 45 daAuts
 Abyss:3: 36 daAuts
 Abyss:2: 18 daAuts
